 Dungeon Crawl Stone Soup version 0.24-a0-584-g9d6b971ae4 (webtiles) character file.

Game seed: 11105257864516758484, levelgen mode: deterministic

39 Mame the Digger (level 3, -2/19 HPs)
             Began as a Gargoyle Earth Elementalist on Sept 2, 2019.
             Slain by an adder (4 damage)
             ... on level 1 of the Dungeon.
             The game lasted 00:05:59 (1258 turns).

Mame the Digger (Gargoyle Earth Elementalist)       Turns: 1258, Time: 00:06:00

Health: -2/19      AC:  5    Str: 11    XL:     3   Next: 45%
Magic:  6/7        EV: 12    Int: 16    God:
Gold:   25         SH:  0    Dex: 10    Spells: 6/7 levels left

rFire    . . .     SeeInvis .   f - +0 dagger
rCold    . . .     Gourm    .   (no shield)
rNeg     + . .     Faith    .   c - +0 robe
rPois    ∞         Spirit   .   (no helmet)
rElec    +         Reflect  .   (no cloak)
rCorr    .         Harm     .   (no gloves)
MR       .....                  (no boots)
Stlth    ++........             (no amulet)
HPRegen  0.06/turn              (no ring)
MPRegen  0.10/turn              (no ring)

@: no status effects
A: negative energy resistance 1, electricity resistance, unbreathing,
petrification resistance, rot immunity, AC +3
a: no special abilities


You were on level 1 of the Dungeon.
You were hungry.

You visited 1 branch of the dungeon, and saw 2 of its levels.

You collected 25 gold pieces.

Inventory:

Hand Weapons
 f - a +0 dagger (weapon)
Armour
 c - a +0 robe (worn)
Scrolls
 a - 3 scrolls of identify {unknown}
 e - a scroll of fog {unknown}
 g - a scroll of teleportation {unknown}
Potions
 i - a potion of cancellation {unknown}
Comestibles
 d - 2 rations


   Skills:
 - Level 1.5 Dodging
 - Level 2.1 Stealth
 + Level 2.8 Spellcasting
   Level 0.7 Transmutations
 + Level 4.5 Earth Magic


You had 6 spell levels left.
You knew the following spells:

 Your Spells              Type           Power        Failure   Level  Hunger
a - Sandblast             Erth           ###...       3%          1    #......

Your spell library contained the following spells:

 Spells                   Type           Power        Failure   Level  Hunger
 Passwall                 Tmut/Erth      ##......     10%         2    ##.....
 Stone Arrow              Conj/Erth      #.....       22%         3    ###....
 Petrify                  Tmut/Erth      ##......     54%         4    #####..
 Lee's Rapid Deconstruct  Erth           ###.......   63%         5    ######.


Dungeon Overview and Level Annotations

Branches:
Dungeon (2/15)

Altars:

Annotations:
D:2 Robin


Innate Abilities, Weirdness & Mutations

You are resistant to torment.
Your stone body is resilient. (AC +3)
You are immune to poison.
You resist negative energy. (rN+)
You are resistant to electric shocks. (rElec)
You can survive without breathing.
You are immune to petrification.
You are immune to rotting.


Message History

The hobgoblin is heavily wounded.
The adder closely misses you.
The hobgoblin hits you but does no damage.
You completely miss the hobgoblin.
The hobgoblin is heavily wounded.
The adder barely misses you. The hobgoblin barely misses you.
You hit the hobgoblin.
The hobgoblin is severely wounded.
The adder bites you.
* * * LOW HITPOINT WARNING * * *
The hobgoblin closely misses you. The adder bites you but does no damage.
You hit the hobgoblin but do no damage.
The hobgoblin is severely wounded.
You are feeling hungry.
The adder bites you but does no damage. The hobgoblin closely misses you.
You hit the hobgoblin.
You kill the hobgoblin!
The adder barely misses you.
You closely miss the adder. The adder bites you.
You die...

#.....# #####.........#
#.....# ##.####.#.#
#####.#########.####.#.#
#........##.##.....#
###+###'###.##.#.###
#...#...##.#....#
#.>.#...#.......#
#.).#...#......####
#.@†#.<.#.#######..
#..S#...#.# #.#
#.>.#...#.# #.#
#...#...#.# #.#
##'###'##.# #.#
#........# #..
########## ###


You could see an adder.

Vanquished Creatures
  A dart slug (D:1)
  5 bats
  5 giant cockroaches (D:1)
  8 goblins
  4 hobgoblins (D:1)
  2 jackals (D:1)
  A frilled lizard (D:1)
  3 kobolds (D:1)
  2 rats (D:1)
31 creatures vanquished.

Notes
Turn   | Place    | Note
-------+----------+-------------------------------------------
     0 | D:1      | Mame the Gargoyle Earth Elementalist began the quest for
                  | the Orb.
     0 | D:1      | Reached XP level 1. HP: 10/10 MP: 3/3
   405 | D:1      | Reached XP level 2. HP: 15/15 MP: 3/5
   407 | D:1      | Reached skill level 4 in Earth Magic
   755 | D:1      | Reached XP level 3. HP: 19/19 MP: 6/6
  1013 | D:2      | Noticed Robin
  1258 | D:1      | Slain by an adder

Levels and vault maps discovered:
D:1:      minmay_arrival_up_and_down, layout_loops_cross, minmay_misc_feat_tower
D:2:      layout_rooms, tso_oasis_becter, marbit_many_paths, uniq_jessica,
          uniq_robin

Skill      XL: |  1  2 |
---------------+-------+-----
Earth Magic    | 4 |  4.5
Dodging        | |  1.5
Stealth        | |  2.1
Spellcasting   | |  2.8
Transmutations | |  0.7

Action                   || total
-------------------------++-------
Melee: Unarmed           ||    10
       Dagger            ||    61
 Cast: Sandblast         ||    30
 Stab: Sleeping          ||     5
  Eat: Chunk             ||     1
Armor: Robe              ||    34
Dodge: Dodged            ||    97

Table legend:
 A = Non-vault XP
 B = Vault XP
 C = Vault XP percentage of total XP
 D = Non-vault monster count
 E = Vault monster count
 F = Vault count percentage of total count
                 A         B        C        D         E       F
            +---------+---------+-------+---------+---------+-------
      Total |      45 |      11 |  19.6 |      25 |       6 |  19.4
            +---------+---------+-------+---------+---------+-------
        D:1 |      44 |       4 |   8.3 |      24 |       2 |   7.7
        D:2 |       1 |       7 |  87.5 |       1 |       4 |  80.0
            +---------+---------+-------+---------+---------+-------
